 Dungeon Crawl Stone Soup version 0.27-a0-1202-ge72e49191c (webtiles) character file.

Game seed: 18193299995842724264

2184 mordus the Ruffian (level 9, -6/87 HPs)
             Began as a Troll Monk on June 4, 2021.
             Killed from afar by Erica (18 damage)
             ... with a bolt of poison
             ... on level 10 of the Dungeon.
             The game lasted 00:07:32 (5692 turns).

mordus the Ruffian (Troll Monk)                     Turns: 5692, Time: 00:07:33

Health: -6/87      AC:  4    Str: 22    XL:     9   Next: 11%
Magic:  8/8        EV: 11    Int:  6    God:
Gold:   396        SH:  0    Dex: 14    Spells: 8/8 levels left

rFire    . . .     SeeInvis .     - Unarmed
rCold    . . .     Faith    .   (no shield)
rNeg     . . .     Spirit   .   a - +0 robe
rPois    .         Reflect  .   (helmet restricted)
rElec    .         Harm     .   (no cloak)
rCorr    .         Rampage  .   (gloves unavailable)
Will     .....                  (boots unavailable)
Stlth    ++........             (no amulet)
HPRegen  1.24/turn              (no ring)
MPRegen  0.11/turn              (no ring)

@: lethally poisoned (-6 -> -20), slowed, very slow
A: large, unfitting armour, claws 3, regeneration 1, shaggy fur 1, tough skin 1
a: no special abilities


You were on level 10 of the Dungeon.
You visited 1 branch of the dungeon, and saw 9 of its levels.
You also visited: Sewer.

You collected 396 gold pieces.

Inventory:

Hand Weapons
 s - a +0 giant spiked club
Armour
 a - a +0 robe (worn)
Jewellery
 i - an amulet of regeneration
 o - a +6 ring of dexterity
Wands
 k - a wand of charming (7)
Scrolls
 b - a scroll of summoning {unknown}
 c - a scroll of enchant armour {unknown}
 f - 2 scrolls of vulnerability {unknown}
 h - 2 scrolls of fog {unknown}
 j - 4 scrolls of identify {unknown}
 l - a scroll of enchant weapon {unknown}
 m - 3 scrolls of fear {unknown}
 p - 2 scrolls of noise {unknown}
 t - a scroll of holy word {unknown}
Potions
 d - 5 potions of invisibility {unknown}
 e - a potion of cancellation {unknown}
 g - a potion of heal wounds {unknown}
 n - a potion of mutation {unknown}
 q - 2 potions of resistance {unknown}
 r - 2 potions of attraction {unknown}
 u - 2 potions of curing {unknown}


   Skills:
 + Level 4.8 Fighting
 + Level 3.2 Maces & Flails
 + Level 4.0 Armour
 + Level 4.9 Dodging
 - Level 1.0 Stealth
 * Level 7.9 Unarmed Combat


You had 8 spell levels left.
You didn't know any spells.
Your spell library contained the following spells:

 Spells                   Type           Power      Damage    Failure   Level
 Beastly Appendage        Tmut           0%         N/A       45%         1
 Corona                   Hex            0%         N/A       45%         1
 Foxfire                  Conj/Fire      0%         2x1d4     45%         1
 Ensorcelled Hibernation  Hex/Ice        0%         N/A       58%         2
 Wereblood                Tmut           0%         N/A       58%         2
 Confusing Touch          Hex            0%         N/A       83%         3
 Conjure Flame            Conj/Fire      0%         6-21      83%         3
 Dazzling Flash           Conj/Hex       0%         N/A       83%         3
 Inner Flame              Hex/Fire       0%         N/A       83%         3
 Spider Form              Tmut/Pois      0%         N/A       83%         3
 Tukima's Dance           Hex            0%         N/A       83%         3
 Ice Form                 Ice/Tmut       0%         N/A       99%         4
 Sticky Flame             Conj/Fire      0%         2d3       99%         4
 Fireball                 Conj/Fire      0%         3d3       100%        5
 Hydra Form               Tmut           0%         N/A       100%        5


Dungeon Overview and Level Annotations

Branches:
Dungeon (8/15)             Temple (0/1) D:5           Sewer (visited)
   Lair: D:8-11

Altars:
Elyvilon
Fedhas
Makhleb
Okawaru
Yredelemnul

Shops:
D:5 *

Annotations:
D:10 Erica


Innate Abilities, Weirdness & Mutations

You are too large for most types of armour.
You have claws for hands.
Your natural rate of healing is unusually fast.
You are covered in fur. (AC +1)
You have tough skin. (AC +1)


Message History

Deactivating autopickup; reactivate with Ctrl-A.
An orc comes into view.
It is wielding a +0 trident and wearing a +2 leather armour of poison resistance.
The orc shouts!
You hear a shout! x2
You feel less confused.
An orc wizard comes into view. It is wielding a +0 dagger.
The orc wizard points at itself and mumbles some strange words.
The orc wizard flickers and vanishes!
The wraith closely misses you.
The orc hits you from afar with a +0 trident.
The orc wizard casts a spell at itself.
The orc wizard flickers and vanishes!
The wraith barely misses you. The wraith hits you. The wraith hits you.
You hear some strange, mumbled words.
A bolt of poison appears from out of thin air!
The bolt of poison hits the wraith.
The wraith completely resists.
The bolt of poison hits you!
You are poisoned.
You feel very sick.
You hear some strange, mumbled words.
A bolt of poison appears from out of thin air!
The bolt of poison hits the wraith.
The wraith completely resists.
The bolt of poison hits you!
You are more poisoned.
* * * LOW HITPOINT WARNING * * *
You feel extremely sick.
Something tries to affect you, but you resist.
The wraith barely misses you.
You feel very sick.
You feel very sick. The wraith hits you.
* * * LOW HITPOINT WARNING * * *
The wraith drains your vigour!
You feel as though you will be slow longer.
You feel sick.
You hear some strange, mumbled words.
A bolt of poison appears from out of thin air!
The bolt of poison hits the wraith.
The wraith completely resists.
The bolt of poison hits you!!
You are lethally poisoned!
You die...

≈# #####..+ .....
##.....≈# ≈....
##.@..# ....##
#..#### #...## #.W#
#..... #.## #.....
#{.# ##..... #..##
##...... ##..###
##.......
##..o######......##
#....#.o.......##


You could see a wraith.

Vanquished Creatures
  A water moccasin (Sewer)
  2 black bears
  4 ogres
  A necrophage (D:4)
  3 centaurs (D:7)
  2 bullfrogs
  A wyvern zombie (D:5)
  A scorpion (D:6)
  A wyvern skeleton (D:7)
  3 wights (D:6)
  A howler monkey (D:5)
  A centaur zombie (D:10)
  2 centaur skeletons
  5 hounds
  2 bullfrog skeletons (D:6)
  2 jellies
  4 iguanas
  An orc wizard (D:6)
  A killer bee zombie (D:6)
  3 gnolls (D:6)
  9 adders
  A shadow imp (D:6)
  A white imp (D:6)
  2 adder skeletons
  2 dart slugs
  16 orcs
  9 endoplasms
  10 giant cockroaches
  11 goblins
  10 hobgoblins
  12 jackals
  9 kobolds
  3 quokkas
  8 ball pythons
  4 bats
  A frilled lizard (D:1)
  A jackal skeleton (D:4)
  5 rats
155 creatures vanquished.

Notes
Turn   | Place    | Note
-------+----------+-------------------------------------------
     0 | D:1      | mordus the Troll Monk began the quest for the Orb.
     0 | D:1      | Reached XP level 1. HP: 22/22 MP: 0/0
   107 | D:1      | Found a faded altar of an unknown god.
   165 | D:1      | Reached XP level 2. HP: 29/29 MP: 1/1
   762 | D:2      | Reached XP level 3. HP: 33/36 MP: 2/2
   858 | D:2      | Reached skill level 1 in Armour
   858 | D:2      | Reached skill level 4 in Unarmed Combat
   858 | D:2      | Reached XP level 4. HP: 20/44 MP: 3/3
  1794 | D:3      | Reached XP level 5. HP: 51/53 MP: 4/4
  2386 | D:4      | Noticed a necrophage
  2396 | D:4      | Killed a necrophage
  2507 | D:4      | Reached XP level 6. HP: 47/61 MP: 5/5
  2577 | D:4      | Reached skill level 5 in Unarmed Combat
  2653 | D:4      | Found a glowing drain.
  2670 | Sewer    | Entered a sewer
  2728 | Sewer    | Noticed a water moccasin
  2740 | Sewer    | Killed a water moccasin
  2873 | D:5      | Entered Level 5 of the Dungeon
  3029 | D:5      | Found a burning altar of Makhleb.
  3148 | D:5      | Found a staircase to the Ecumenical Temple.
  3162 | D:5      | Found an iron altar of Okawaru.
  3178 | D:5      | Reached XP level 7. HP: 67/67 MP: 6/6
  3221 | D:5      | Reached skill level 6 in Unarmed Combat
  3277 | D:5      | Reached skill level 1 in Maces & Flails
  3381 | D:5      | Found a white marble altar of Elyvilon.
  3450 | D:5      | Found a basalt altar of Yredelemnul.
  3809 | D:5      | Found Movina's Mayhem Merchandise.
  4073 | D:6      | Reached XP level 8. HP: 68/78 MP: 7/7
  4457 | D:6      | Reached skill level 7 in Unarmed Combat
  4854 | D:7      | Found a blossoming altar of Fedhas.
  4869 | D:7      | HP: 2/79 [centaur (4)]
  5086 | D:7      | Reached XP level 9. HP: 71/85 MP: 8/8
  5651 | D:8      | You fall into a shaft and drop 2 floors!
  5651 | D:10     | Entered Level 10 of the Dungeon
  5668 | D:10     | Noticed Erica
  5692 | D:10     | Killed from afar by Erica

Illustrated notes

Levels and vault maps discovered:
D:1:      psy_arrival_conway, layout_loops_ring,
          hellmonk_ecumenical_altar_heavens_door
D:2:      layout_basic, serial_bayou_pond_d, minmay_bisected
D:3:      minmay_wonky_spiral, layout_basic, gammafunk_temple_overflow_pools
D:4:      layout_rooms, portal_sewer_entry_f
D:5:      layout_basic, general_overflow_altar, overflow_temple_1_default,
          temple_statues, minmay_shop_mayhem, hangedman_feature_mirror,
          kennysheep_big_empty_room
D:6:      layout_basic
D:7:      layout_basic, fedhas_bush_and_centaur_altar, amcnicky_mini_pool_small
D:8:      layout_loops_corners, gammafunk_temple_overflow_wave, serial_shops,
          shop_statue, minivault_19, nrook_loot_triangle, uniq_maggie
D:10:     layout_layer_cave, kennysheep_mini_moat, st_stairs_14, uniq_erica

Skill      XL: |  1  2  3  4  5  6  7  8  9 |
---------------+----------------------------+-----
Armour         | 1 2 3 4 |  4.0
Unarmed Combat | 4 5 6 7 |  7.9
Fighting       | 3 4 |  4.8
Dodging        | 3 4 |  4.9
Maces & Flails | 1 3 |  3.2
Stealth        | |  1.0

Action                   |  1- 3 |  4- 6 |  7- 9 || total
-------------------------+-------+-------+-------++-------
Melee: Unarmed           |    80 |   185 |   190 ||   455
       Punch             |     2 |     2 |     2 ||     6
 Stab: Sleeping          |     3 |     3 |     1 ||     7
Armor: Robe              |    26 |    54 |    46 ||   126
Dodge: Dodged            |    34 |    93 |   127 ||   254

Table legend: (Time is in decaauts)
 A = Elapsed time spent in this place.
 B = Non-inter-level travel time spent in this place.
 C = Inter-level travel time spent in this place.
 D = Time resting spent in this place.
 E = Time spent auto-exploring this place.
 F = Levels seen in this place.
 G = Mean time per level.
                   A        B        C        D        E       F      G
               +--------+--------+--------+--------+--------+-----+--------+
         Total |   5671 |   5504 |    167 |    100 |   4444 |  10 |  567.1 |
       Dungeon |   5549 |   5382 |    167 |    100 |   4372 |   9 |  616.6 |
         Sewer |    122 |    122 |      0 |      0 |     72 |   1 |  122.0 |
               +--------+--------+--------+--------+--------+-----+--------+

Top non-repeatable levels by time:
     D:5: 1022 daAuts
     D:3: 869 daAuts
     D:6: 853 daAuts
     D:7: 816 daAuts
     D:1: 726 daAuts
     D:2: 696 daAuts
     D:4: 453 daAuts
   Sewer: 122 daAuts
     D:8: 59 daAuts
    D:10: 50 daAuts
